 Dungeon Crawl Stone Soup version 0.13.0 (webtiles) character file.

3757 Lilouch the Basher (level 10, -12/57 HPs)
             Began as a Gargoyle Fighter on Oct 12, 2013.
             Was a Follower of Okawaru.
             Killed by divine providence
             ... invoked by an orc priest
              (16 damage)
             ... on Level 8 of the Dungeon.
             The game lasted 02:03:24 (8857 turns).

Lilouch the Basher (Gargoyle Fighter)               Turns: 8857, Time: 02:03:24

HP -12/57        AC 23     Str 23      XL: 10   Next: 12%
MP   9/9         EV  5     Int  9      God: Okawaru [*.....]
Gold 102         SH 22     Dex  9      Spells:  0 memorised,  9 levels left

Res.Fire  : . . .   See Invis. : +   S - +1,+5 orc flail
Res.Cold  : . . .   Warding    : .   H - +0 orc plate armour
Life Prot.: + + .   Conserve   : .   c - +0 shield
Res.Poison: +       Res.Corr.  : +   (no helmet)
Res.Elec. : +       Clarity    : .   y - +1 cloak
Sust.Abil.: . .     Spirit.Shd : .   (no gloves)
Res.Mut.  : .       Stasis     : .   (no boots)
Res.Rott. : +       Flight     : .   U - amulet of resist corrosion
Saprovore : . . .                    g - ring of positive energy
                                     L - ring of see invisible

@: somewhat resistant to hostile enchantments, extremely unstealthy
A: fangs 1, talons 2, life protection 1, electricity resistance, slow metabolism
1, unbreathing, petrification resistance, AC +7
a: Heroism, Renounce Religion


You were on level 8 of the Dungeon.
You worshipped Okawaru.
Okawaru was aware of your devotion.
You were not hungry.

You visited 2 branches of the dungeon, and saw 10 of its levels.

You collected 280 gold pieces.
You spent 198 gold pieces at shops.

Inventory:

Hand weapons
 t - a +1,+1 whip of flaming
 C - a +0,+0 spear
 S - a +1,+5 orcish flail (weapon)
Missiles
 q - 53 stones
 P - 17 poisoned needles
 Q - 5 poisoned javelins (quivered)
Armour
 c - a +0 shield (worn)
 y - a +1 cloak (worn)
 H - a +0 orcish plate armour (worn)
Magical devices
 a - a wand of lightning (0)
 M - a wand of fire (6) {unknown}
Comestibles
 d - 5 bread rations
 f - 4 meat rations
 r - 3 pears
 v - 14 grapes
 B - a sausage
 D - a beef jerky
 E - a snozzcumber
 F - 7 sultanas
 I - 3 apples
 J - 2 apricots
 T - a cheese
 V - a chunk of orc flesh
 Y - a choko
Scrolls
 b - a scroll of recharging {unknown}
 h - 2 scrolls of random uselessness {unknown}
 i - 6 scrolls of fog
 j - 9 scrolls of teleportation
 k - 3 scrolls of curse jewellery
 l - 6 scrolls of identify
 m - 4 scrolls of enchant weapon II {unknown}
 n - a scroll of enchant armour
 s - 2 scrolls of enchant weapon I {unknown}
 u - 4 scrolls of fear {unknown}
 w - 3 scrolls of remove curse {unknown}
 A - 3 scrolls of curse weapon
 X - 2 scrolls of blinking
Jewellery
 g - a ring of positive energy (right hand)
 o - a +1 ring of strength
 K - a +3 ring of dexterity {unknown}
 L - a ring of see invisible (left hand)
 U - an amulet of resist corrosion (around neck)
 W - an uncursed ring of wizardry {unknown}
 Z - an uncursed ring of flight
Potions
 e - 4 potions of curing
 p - a potion of cure mutation {unknown}
 x - a potion of agility {unknown}
 z - 2 potions of brilliance
 G - a potion of berserk rage {unknown}
 N - a potion of poison {unknown}
 O - a potion of heal wounds {unknown}
 R - 2 potions of paralysis


   Skills:
 - Level 3.2 Fighting
 * Level 11.0 Maces & Flails
 + Level 8.7 Armour
 + Level 8.3 Shields


You had 9 spell levels left.
You didn't know any spells.

Dungeon Overview and Level Annotations

Branches:
Dungeon (9/27)             Temple (1/1) D:7             Orc (0/4) D:8
   Lair: D:8-13

Altars:
Ashenzari
Cheibriados
Elyvilon
Fedhas
Kikubaaqudgha
Makhleb
Nemelex Xobeh
Okawaru
Sif Muna
Trog
Vehumet
Xom
Yredelemnul
Zin
the Shining One

Shops:
D:6 ?   D:7 [

Annotations:
D:9 Erolcha


Innate Abilities, Weirdness & Mutations

You are resistant to torment.
You are immune to poison.
Your stone body is very resilient (AC +7).
You have very sharp teeth.
You have razor-sharp toenails.
You resist negative energy.
You are resistant to electric shocks.
You have a slow metabolism.
You can survive without breathing.
You are immune to petrification.


Message History

Ouch! The orc zaps a wand.
You resist.
The orc warrior hits you but does no damage.
The orc priest calls upon Beogh to heal the orc warrior.
The orc warrior is healed somewhat.
You feel less confused.
The orc priest calls upon Beogh to heal the orc warrior.
The orc warrior is healed somewhat.
You see here 16 arrows.
Drink which item? (? for menu, Esc to quit)
You feel better.
The orc priest invokes the aid of Beogh against you.
Something smites you!
* * * LOW HITPOINT WARNING * * *
The orc warrior hits you but does no damage.
The orc priest prays to Beogh.
You feel troubled.
There is a stone staircase leading up here.
The orc priest calls down the wrath of Beogh upon you.
Something smites you!
You die...

. ..# ....##
...... .
#....## #.#
#.....## #.#
#....# #.#
#.@o####.#
#.....##.#
#........#
###......##
###.....#
###oo.##
#....##
##.(..# ####
##...####...


You could see an orc warrior and 2 orc priests.

Vanquished Creatures
  Pikel (D:5)
  The ghost of zkyp the Carver, an experienced DsAK of Lugonu (D:6)
  3 orc warriors
  2 ice beasts (D:8)
  5 ogres
  2 sky beasts
  2 centaurs (D:8)
  3 phantoms
  A warg (D:8)
  3 giant frogs
  4 killer bees (D:4)
  2 jellies
  4 crimson imps
  2 goliath beetles
  3 orc priests
  3 scorpions
  4 hounds
  3 iguanas
  An orc wizard (D:5)
  4 worker ants
  9 adders
  4 giant mites
  6 worms
  An adder skeleton (D:4)
  2 iguana skeletons
  2 giant eyeballs
  8 giant geckos
  7 oozes
  29 orcs
  10 bats
  9 giant cockroaches
  11 goblins
  21 hobgoblins
  9 jackals
  13 kobolds
  3 quokkas
  6 giant newts
  A gnoll skeleton (D:7)
  A goblin skeleton (D:5)
  A hobgoblin skeleton (D:8)
  A hobgoblin zombie (D:7)
  An orc zombie (D:6)
  13 rats
221 creatures vanquished.

Vanquished Creatures (others)
  An adder (D:6)
  3 orcs
4 creatures vanquished.

Grand Total: 225 creatures vanquished

Notes
Turn   | Place    | Note
--------------------------------------------------------------
     0 | D:1      | Lilouch, the Gargoyle Fighter, began the quest for the Orb.
     0 | D:1      | Reached XP level 1. HP: 14/14 MP: 0/0
     3 | D:1      | Noticed a jelly
    20 | D:1      | Reached XP level 2. HP: 16/19 MP: 1/1
    28 | D:1      | Killed a jelly
    28 | D:1      | Reached XP level 3. HP: 21/24 MP: 2/2
    38 | D:1      | Reached skill level 4 in Armour
    39 | D:1      | Reached XP level 4. HP: 25/28 MP: 3/3
   915 | D:1      | Reached XP level 5. HP: 33/33 MP: 4/4
  1731 | D:2      | Found a blossoming altar of Fedhas.
  1845 | D:3      | Found an ancient bone altar of Kikubaaqudgha.
  2290 | D:3      | Reached XP level 6. HP: 23/38 MP: 5/5
  2423 | D:3      | Reached skill level 5 in Maces & Flails
  3024 | D:4      | Reached skill level 5 in Armour
  3190 | D:4      | Reached skill level 5 in Shields
  3239 | D:4      | Reached XP level 7. HP: 36/42 MP: 6/6
  3309 | D:4      | Reached skill level 6 in Maces & Flails
  3331 | D:4      | HP: 2/42 [killer bee (2)]
  3813 | D:5      | Entered Level 5 of the Dungeon
  4052 | D:5      | Reached skill level 7 in Maces & Flails
  4052 | D:5      | Reached XP level 8. HP: 44/48 MP: 7/7
  4940 | D:6      | Found a glowing golden altar of the Shining One.
  5107 | D:6      | Found Xupoc's Magic Scroll Emporium.
  5114 | D:6      | Bought a scroll of blinking for 66 gold pieces
  5114 | D:6      | Bought a scroll of teleportation for 36 gold pieces
  5114 | D:6      | Bought a scroll of curse jewellery for 24 gold pieces
  5114 | D:6      | Bought a scroll of curse weapon for 24 gold pieces
  5114 | D:6      | Bought a scroll of curse jewellery for 24 gold pieces
  5114 | D:6      | Bought a scroll of identify for 24 gold pieces
  5178 | D:6      | Noticed Pikel
  5200 | D:5      | Killed Pikel
  5200 | D:5      | Reached skill level 8 in Maces & Flails
  5200 | D:5      | Reached XP level 9. HP: 52/52 MP: 8/8
  5742 | D:6      | Noticed zkyp's ghost (experienced DsAK)
  5767 | D:6      | Killed zkyp's ghost
  5767 | D:6      | Reached skill level 9 in Maces & Flails
  6577 | D:7      | Found a staircase to the Ecumenical Temple.
  6598 | Temple   | Entered the Ecumenical Temple
  6659 | Temple   | Became a worshipper of Warmaster Okawaru
  6750 | D:7      | Noticed an iron devil
  6854 | D:7      | Found Triogh's Armour Shop.
  7629 | D:7      | Reached skill level 10 in Maces & Flails
  7825 | D:7      | Noticed an angel
  8034 | D:8      | Paralysed by a giant eyeball for 4 turns
  8044 | D:8      | Paralysed by a giant eyeball for 4 turns
  8105 | D:8      | Acquired Okawaru's first power
  8443 | D:8      | Reached XP level 10. HP: 46/57 MP: 9/9
  8720 | D:8      | Reached skill level 11 in Maces & Flails
  8772 | D:8      | Found a staircase to the Orcish Mines.
  8834 | D:9      | Noticed Erolcha
  8857 | D:8      | Killed from afar by an orc priest

Action                   |  1- 3 |  4- 6 |  7- 9 | 10-12 || total
-------------------------+-------+-------+-------+-------++-------
Melee: Mace              |    34 |   347 |   125 |       ||   506
       Flail             |       |       |   257 |    25 ||   282
       Spear             |       |       |   340 |       ||   340
       Whip              |       |       |    18 |       ||    18
Throw: Javelin           |       |       |     5 |       ||     5
Evoke: Wand              |       |       |     4 |       ||     4
  Use: Potion            |       |       |     1 |     4 ||     5
       Scroll            |       |       |    10 |       ||    10
